 Dungeon Crawl Stone Soup version 0.21-a0 (webtiles) character file.

119 Traror the Cutter (level 5, 0/39 HPs)
             Began as a Human Gladiator on May 18, 2017.
             Was a Follower of Qazlal.
             Slain by sirboomalot's ghost (8 damage)
             ... on level 3 of the Dungeon.
             The game lasted 00:40:27 (3154 turns).

Traror the Cutter (Human Gladiator)                 Turns: 3154, Time: 00:40:28

Health: 0/39       AC:  6    Str: 14      XL:     5   Next: 23%
Magic:  5/5        EV: 13    Int:  6 (9)  God:    Qazlal [*.....]
Gold:   185        SH:  1    Dex: 14 (15) Spells: 4/4 levels left

rFire    . . .     SeeInvis .   a - +2 rapier
rCold    . . .     Gourm    .   (no shield)
rNeg     . . .     Faith    .   b - +2 leather armour
rPois    .         Spirit   .   c - +0 helmet
rElec    .         Reflect  .   (no cloak)
rCorr    .         Harm     .   (no gloves)
MR       .....                  (no boots)
Stlth    +.........             (no amulet)
Regen    0.2/turn               u - ring of wizardry
MPRegen  0.1/turn               (no ring)

@: no status effects
A: no striking features
a: Renounce Religion


You were on level 3 of the Dungeon.
You worshipped Qazlal.
Qazlal was aware of your devotion.
You were not hungry.

You visited 1 branch of the dungeon, and saw 3 of its levels.

You collected 185 gold pieces.

Inventory:

Hand Weapons
 a - a +2 rapier (weapon)
 e - a +2 whip of draining
 i - a +0 short sword
 k - a +0 hunting sling
 p - a +0 spear
 q - a +0 hand axe
 z - a +0 short sword
Missiles
 d - 2 throwing nets
 g - 72 arrows
 h - 204 stones (quivered)
 t - 2 javelins
 y - a large rock
Armour
 b - a +2 leather armour (worn)
 c - a +0 helmet (worn)
 v - a +0 shield
Jewellery
 u - a ring of wizardry (left hand)
Scrolls
 s - 3 scrolls of identify
Potions
 f - a potion of flight
 j - a potion of degeneration
 l - a potion of berserk rage
 m - a potion of lignification {unknown}
 n - a potion of curing {unknown}
 r - a potion of brilliance {unknown}
Comestibles
 o - 3 chunks of flesh


   Skills:
 + Level 2.4 Fighting
 + Level 4.1 Short Blades
 + Level 2.5 Throwing
 + Level 1.8 Armour
 + Level 3.4 Dodging
 + Level 0.2 Stealth


You had 4 spell levels left.
You didn't know any spells.

Dungeon Overview and Level Annotations

Branches:
Dungeon (3/15)

Altars:
Dithmenos
Okawaru
Qazlal

Annotations:
D:3 sirboomalot's ghost, amateur DgFi


Message History

You barely miss sirboomalot's ghost.
Sirboomalot's ghost is heavily damaged.
Sirboomalot's ghost hits you but does no damage.
You hit sirboomalot's ghost but do no damage.
Sirboomalot's ghost is heavily damaged.
Sirboomalot's ghost hits you!
You barely miss sirboomalot's ghost.
Sirboomalot's ghost is moderately damaged.
You block sirboomalot's ghost's attack.
You hit sirboomalot's ghost but do no damage.
Sirboomalot's ghost is moderately damaged.
Sirboomalot's ghost barely misses you.
A bat comes into view.
You hit sirboomalot's ghost.
Sirboomalot's ghost is heavily damaged.
Sirboomalot's ghost hits you!
* * * LOW HITPOINT WARNING * * *
The bat misses you.
You miss the bat. The bat closely misses you. Sirboomalot's ghost hits you!
You die...

#.......##.#
###'#......# #
#.#..#### #. #....#
..# ### ####.# ...
#<# #.# ...# #.##
#.# ....# #...
#.##########....#
#.####
#......@..b......
.....
########W†.#.....
###. #...# ... #.
#...# # #. #...#
#####. ...(# #...#.
....## #.#.#. .W...#
#.....
......#########.####


You could see sirboomalot's ghost and a bat.

Vanquished Creatures
  3 adders
  2 oozes
  A worm (D:3)
  2 dart slugs
  A leopard gecko (D:2)
  5 orcs (D:3)
  5 giant cockroaches
  11 goblins
  5 hobgoblins
  7 kobolds (D:1)
  2 quokkas
  12 bats
  4 frilled lizards
  11 rats
71 creatures vanquished.

Notes
Turn   | Place    | Note
-------+----------+-------------------------------------------
     0 | D:1      | Traror the Human Gladiator began the quest for the Orb.
     0 | D:1      | Reached XP level 1. HP: 16/16 MP: 1/1
    55 | D:1      | Reached XP level 2. HP: 18/22 MP: 2/2
   504 | D:1      | Reached XP level 3. HP: 23/27 MP: 3/3
  1789 | D:2      | Reached skill level 1 in Armour
  1853 | D:2      | Reached XP level 4. HP: 32/34 MP: 4/4
  1872 | D:2      | Found a stormy altar of Qazlal.
  1894 | D:2      | Became a worshipper of Qazlal Stormbringer
  2495 | D:3      | Found an iron altar of Okawaru.
  2737 | D:3      | Reached skill level 4 in Short Blades
  2737 | D:3      | Reached XP level 5. HP: 34/39 MP: 5/5
  2803 | D:3      | Found a shadowy altar of Dithmenos.
  3136 | D:3      | Noticed sirboomalot's ghost (amateur DgFi)
  3139 | D:3      | Reached * piety under Qazlal
  3154 | D:3      | Slain by sirboomalot's ghost

Vault maps used:
D:1:      mrwooster_arrival_statue_2
D:2:      grunt_qazlal_sundering, first_bread, serial_forest,
          infiniplex_forest_corner_1, infiniplex_forest_clump_diagonal,
          infiniplex_forest_clump_medium, infiniplex_forest_corner_1,
          infiniplex_forest_lined_room_2, infiniplex_forest_zigzag_1,
          infiniplex_forest_clump_small, infiniplex_forest_corner_2
D:3:      kennysheep_okawaru_gauntlet, grunt_dithmenos_smoke_and_mirrors

Skill      XL: |  1  2  3  4 |
---------------+-------------+-----
Armour         | 1 |  1.8
Short Blades   | 4 |  4.1
Fighting       | |  2.4
Throwing       | |  2.5
Dodging        | |  3.4
Stealth        | |  0.2

Action                   |  1- 3 |  4- 6 || total
-------------------------+-------+-------++-------
Melee: Rapier            |   103 |    83 ||   186
Throw: Stone             |     8 |    10 ||    18
       Javelin           |    16 |     2 ||    18
       Throwing net      |     2 |       ||     2
  Use: Scroll            |     7 |     3 ||    10
       Potion            |     1 |     3 ||     4
 Stab: Sleeping          |       |     1 ||     1
  Eat: Bread ration      |     1 |     1 ||     2
       Chunk             |       |     1 ||     1
Armor: Leather armour    |    35 |    24 ||    59
Dodge: Dodged            |   144 |    45 ||   189
Block: Other             |       |     1 ||     1
